 Dungeon Crawl Stone Soup version 0.30.1-4-g462c640d31 (webtiles) character file.

Game seed: 4950246634678313568

133 Babbit the Covered (level 4, -1/40 HPs)
             Began as a Minotaur Fighter on Aug 11, 2023.
             Killed by divine providence
             ... invoked by an orc priest
              (13 damage)
             ... on level 3 of the Dungeon.
             The game lasted 00:07:29 (1756 turns).

Babbit the Covered (Minotaur Fighter)               Turns: 1756, Time: 00:07:29

Health: -1/40      AC:  9    Str: 22    XL:     4   Next: 93%
Magic:  3/3        EV:  9    Int:  5    God:
Gold:   108        SH:  4    Dex: 10    Spells: 3/3 levels left

rFire   . . .        a - +0 war axe
rCold   . . .        c - +0 buckler
rNeg    . . .        b - +0 scale mail
rPois   .            (helmet restricted)
rElec   .            k - +1 cloak
rCorr   .            (no gloves)
SInv    .            (no boots)
Will    .....        l - amulet of magic regeneration Stlth
                     (no ring)
HPRegen 0.26/turn    (no ring)
MPRegen 0.48/turn

%: no passive effects
@: no status effects
A: horns 2, retaliatory headbutt
a: no special abilities


You were on level 3 of the Dungeon.
You visited 1 branch of the dungeon, and saw 3 of its levels.

You collected 108 gold pieces.

Inventory:

Hand Weapons
 a - a +0 war axe (weapon)
Missiles
 f - 7 boomerangs (quivered)
Armour
 b - a +0 scale mail (worn)
 c - a +0 buckler (worn)
 k - a +1 cloak (worn)
Jewellery
 l - an amulet of magic regeneration (around neck)
Scrolls
 g - a scroll of fear {unknown}
 h - a scroll of fog {unknown}
 i - a scroll of amnesia {unknown}
 j - a scroll of teleportation {unknown}
 m - a scroll of immolation {unknown}
 n - a scroll of magic mapping {unknown}
 o - a scroll of enchant weapon {unknown}
Potions
 d - a potion of might
 e - a potion of invisibility {unknown}
 q - a potion of curing {unknown}
 r - a potion of degeneration {unknown}
 s - a potion of brilliance {unknown}


   Skills:
 + Level 4.1 Fighting
 + Level 4.0 Axes
 + Level 1.2 Throwing
 + Level 4.6 Armour
 + Level 0.2 Dodging
 + Level 0.3 Stealth
 + Level 4.2 Shields


You had 3 spell levels left.
You didn't know any spells.
Your spell library contained the following spells:

 Spells                   Type           Power      Damage    Failure   Level
 Freeze                   Ice            0%         1d3       86%         1
 Lesser Beckoning         Tloc           0%         N/A       94%         2
 Sublimation of Blood     Necr           0%         N/A       94%         2
 Frozen Ramparts          Ice            0%         1d1       99%         3
 Gell's Gravitas          Tloc           0%         N/A       99%         3
 Hailstorm                Conj/Ice       0%         3d3       99%         3
 Teleport Other           Tloc           0%         N/A       99%         3
 Petrify                  Tmut/Erth      0%         N/A       100%        4
 Irradiate                Conj/Tmut      0%         3d11      100%        5


Dungeon Overview and Level Annotations

Branches:
Dungeon (3/15)

Altars:

Shops:
D:2 *


Innate Abilities, Weirdness & Mutations

You have a pair of horns on your head.
You reflexively headbutt those who attack you in melee.


Message History

The orc priest miscasts a cantrip.
You closely miss the orc priest.
You headbutt the orc priest, but do no damage.
The orc priest is lightly wounded.
You hit the orc but do no damage. You block the orc's attack.
The orc priest mumbles some strange prayers to Beogh against you.
Beogh smites you!
* * * LOW HITPOINT WARNING * * *
The orc hits you but does no damage.
The orc priest hits you but does no damage.
It was a potion of heal wounds.
You feel much better. The orc hits you with a +0 flail!
The orc priest hits you but does no damage.
You hit the orc priest.
The orc priest is moderately wounded.
You closely miss the orc. The orc closely misses you.
The orc priest calls down the wrath of Beogh upon you.
Pain shoots through your body!
You closely miss the orc priest. Your headbutt misses the orc priest.
The orc priest is moderately wounded.
You hit the orc.
You kill the orc!
The orc priest barely misses you.
You hit the orc priest. Your headbutt misses the orc priest.
The orc priest is severely wounded.
The orc priest barely misses you.
The orc priest hits you but does no damage.
You hit the orc priest. Your headbutt misses the orc priest.
The orc priest is severely wounded.
The orc priest hits you but does no damage.
You closely miss the orc priest.
You headbutt the orc priest, but do no damage.
The orc priest is severely wounded.
The orc priest hits you with a +0 club.
* * * LOW HITPOINT WARNING * * *
You barely miss the orc priest. Your headbutt misses the orc priest.
The orc priest is severely wounded.
The orc priest calls down the wrath of Beogh upon you.
Beogh smites you!
You die...

#..#...)..####...#...
##....## #.#####.
##..## #...#... #
##..# ##..#.## #.
##.# #....# #..
##..#### #.#### #...
+#......# #.# ....
##..####.# #†#
#..#@..## # #.#
#.o)...# #.#
#.............. ..#
#####.##.#####.# ###
## #.. ####


You could see an orc priest.

Vanquished Creatures
  A phantom (D:2)
  A worm (D:2)
  A dart slug (D:1)
  3 orcs (D:3)
  5 ball pythons
  6 endoplasms
  A giant cockroach (D:1)
  3 hobgoblins
  6 kobolds
  A quokka (D:2)
  13 bats
  4 frilled lizards
  2 rats
47 creatures vanquished.

Notes
Turn   | Place    | Note
-------+----------+-------------------------------------------
     0 | D:1      | Babbit the Minotaur Fighter began the quest for the Orb.
     0 | D:1      | Reached XP level 1. HP: 19/19 MP: 0/0
   323 | D:1      | Reached XP level 2. HP: 27/27 MP: 1/1
   381 | D:1      | Found a faded altar of an unknown god.
   757 | D:1      | Reached XP level 3. HP: 33/33 MP: 2/2
  1281 | D:2      | Noticed a phantom
  1288 | D:2      | Killed a phantom
  1289 | D:2      | Reached skill level 1 in Throwing
  1289 | D:2      | Reached XP level 4. HP: 36/40 MP: 3/3
  1412 | D:2      | Found Ycok's Assorted Antiques.
  1756 | D:3      | Killed from afar by an orc priest

Illustrated notes

Levels and vault maps discovered:
D:1:      psy_arrival_statuary, layout_loops_corners,
          shapermc_ecumenical_altar_venn
D:2:      layout_basic, serial_shops, shop
D:3:      layout_loops_corners, nemelex_diamond_rough_becter,
          lemuel_blue_sif_altar, serial_shops, nicolae_shop_hallway_stairs,
          uniq_grinder

Skill      XL: |  1  2  3  4 |
---------------+-------------+-----
Armour         | 4 |  4.6
Shields        | 4 |  4.2
Axes           | 3 4 |  4.0
Fighting       | 4 |  4.1
Throwing       | 1 |  1.2
Dodging        | |  0.2
Stealth        | |  0.3

Action                     |  1- 3 |  4- 6 || total
---------------------------+-------+-------++-------
  Melee: War axe           |    59 |    26 ||    85
         Headbutt          |     4 |     3 ||     7
  Throw: Boomerang         |    19 |    12 ||    31
    Use: Potion            |       |     1 ||     1
 Armour: Scale mail        |    28 |     9 ||    37
  Dodge: Dodged            |    32 |    10 ||    42
  Block: Buckler           |    11 |     4 ||    15
